 Dungeon Crawl Stone Soup version 0.28-a0-653-g7e9dba17c3 (webtiles) character file.

Game seed: 14086455789434325742

1 flotson the Sneak (level 1, -2/18 HPs)
             Began as a Demonspawn Delver on Oct 11, 2021.
             Slain by an adder (3 damage)
             ... on level 2 of the Dungeon.
             The game lasted 00:01:16 (475 turns).

flotson the Sneak (Demonspawn Delver)                Turns: 475, Time: 00:01:17

Health: -2/18      AC:  3    Str: 12    XL:     1   Next: 16%
Magic:  1/1        EV: 11    Int: 11    God:
Gold:   9          SH:  0    Dex: 14    Spells: 0/0 levels left

rFire   . . .      SeeInvis .   a - +0 hand axe
rCold   . . .      Faith    .   (no shield)
rNeg    . . .      Spirit   .   b - +0 leather armour
rPois   .          Reflect  .   (no helmet)
rElec   .          Harm     .   (no cloak)
rCorr   .          Rampage  .   (no gloves)
Will    +....                   (no boots)
Stlth   ++........              (no amulet)
HPRegen 0.06/turn               d - ring of willpower
MPRegen 0.07/turn               (no ring)

@: no status effects
A: no striking features
a: no special abilities


You were on level 2 of the Dungeon.
You visited 1 branch of the dungeon, and saw 4 of its levels.

You collected 9 gold pieces.

Inventory:

Hand Weapons
 a - a +0 hand axe (weapon)
Missiles
 f - 6 atropa-tipped darts (quivered)
Armour
 b - a +0 leather armour (worn)
Jewellery
 d - a ring of willpower (left hand)
Wands
 g - a wand of digging (3)
Scrolls
 c - a scroll of fog
 e - 2 scrolls of fear
 h - 2 scrolls of identify {unknown}


   Skills:
 + Level 3.0 Fighting
 + Level 1.8 Axes
 + Level 0.0 Armour
 + Level 1.8 Dodging
 - Level 4.5 Stealth


You couldn't memorise any spells.
You didn't know any spells.
Your spell library was empty.

Dungeon Overview and Level Annotations

Branches:
Dungeon (5/15)
 Temple: D:4-7

Altars:


Message History

Found 29 gold pieces.
There is a stone staircase leading up here.
You climb upwards.
Found a scroll labelled WUSOWN VITROR and a small bone ring.
Found an escape hatch in the ceiling.
There is a stone staircase leading down here.
Your extra speed is starting to run out.
You feel yourself slow down.
HP restored.
h - 2 scrolls labelled WUSOWN VITROR (gained 1)
There is a stone staircase leading down here.
d - a ring of willpower
d - a ring of willpower (left hand)
Found a stone staircase leading up.
You now have 9 gold pieces (gained 5).
There is a stone staircase leading up here.
You climb upwards.
Found 6 atropa-tipped darts.
There is a stone staircase leading down here.
A hobgoblin comes into view.
Search for what [? for help]? dart An adder comes into view.
The adder hisses angrily.
The adder misses you.
A quokka comes into view.
You see here 6 atropa-tipped darts.
f - 6 atropa-tipped darts The adder closely misses you.
The adder bites you. The adder bites you.
You are poisoned.
The adder poisons you!
You feel sick.
You aren't carrying any potions.
You barely miss the adder.
You feel sick. The adder bites you. x2
* * * LOW HITPOINT WARNING * * *
You barely miss the adder. You barely miss the quokka.
You feel sick.
You are no longer poisoned.
The quokka barely misses you. The adder bites you.
You die...

#.# #.# ###.###
####...... #
#......#.#
#.#.##...#r#
.....#...#@#
.........S.#
.....#...###
#....#...#
.........#
#........#
#..###...#
#...##..>#
##..##...########


You could see an adder and a quokka.

Vanquished Creatures
  A hobgoblin (D:4)
1 creature vanquished.

Notes
Turn   | Place    | Note
-------+----------+-------------------------------------------
     0 | D:5      | flotson the Demonspawn Delver began the quest for the Orb.
     0 | D:5      | Reached XP level 1. HP: 18/18 MP: 1/1
    53 | D:5      | Noticed an ogre
   475 | D:2      | Slain by an adder

Illustrated notes

Levels and vault maps discovered:
D:2:      layout_loops_ring, kennysheep_generic_room_3
D:3:      layout_basic
D:4:      layout_layer_cave, led_xom_imps, grunt_decor_mini_mirrors,
          eino_tiny_chamber, minmay_puff
D:5:      layout_loops_cross, amethyst_overflow_temple_binary

Action                   || total
-------------------------++-------
Melee: Hand axe          ||    16
  Use: Scroll            ||     1
       Potion            ||     1
Dodge: Dodged            ||    12

Table legend: (Time is in decaauts)
 A = Elapsed time spent in this place.
 B = Non-inter-level travel time spent in this place.
 C = Inter-level travel time spent in this place.
 D = Time resting spent in this place.
 E = Time spent auto-exploring this place.
 F = Levels seen in this place.
 G = Mean time per level.
                   A        B        C        D        E       F      G
               +--------+--------+--------+--------+--------+-----+--------+
         Total |    465 |    406 |     59 |      0 |    274 |   4 |  116.2 |
       Dungeon |    465 |    406 |     59 |      0 |    274 |   4 |  116.2 |
               +--------+--------+--------+--------+--------+-----+--------+

Top non-repeatable levels by time:
     D:3: 205 daAuts
     D:5: 118 daAuts
     D:2: 80 daAuts
     D:4: 62 daAuts
